 Dungeon Crawl Stone Soup version 0.29-a0-341-g24ffce5b50 (webtiles) character file.

Game seed: 16410710771324466085

67 siradein the Grave Robber (level 3, 0/29 HPs)
             Began as a Minotaur Necromancer on Apr 20, 2022.
             Killed from afar by Robin (10 damage)
             ... with a puff of flame
             ... on level 2 of the Dungeon.
             The game lasted 00:06:15 (2122 turns).

siradein the Grave Robber (Minotaur Necromancer)    Turns: 2122, Time: 00:06:16

Health: 0/29       AC:  7    Str: 12    XL:     3   Next: 98%
Magic:  4/4        EV: 11    Int: 14    God:
Gold:   66         SH:  0    Dex: 10    Spells: 2/4 levels left

rFire   . . .      SeeInvis .   g - +0 short sword
rCold   . . .      Faith    .   (no shield)
rNeg    . . .      Spirit   .   s - +0 ring mail
rPois   .          Reflect  .   (helmet restricted)
rElec   .          Harm     .   j - +0 cloak
rCorr   +          Rampage  .   (no gloves)
Will    +....                   c - +0 pair of boots
Stlth   +.........              (no amulet)
HPRegen 0.09/turn               k - ring of resist corrosion
MPRegen 0.09/turn               r - ring of willpower

@: no status effects
A: horns 2, retaliatory headbutt
a: no special abilities


You were on level 2 of the Dungeon.
You visited 1 branch of the dungeon, and saw 2 of its levels.

You collected 66 gold pieces.

Inventory:

Hand Weapons
 g - a +0 short sword (weapon)
Armour
 c - a +0 pair of boots (worn)
 j - a +0 cloak (worn)
 s - a +0 ring mail (worn)
Jewellery
 k - a ring of resist corrosion (left hand)
 r - a ring of willpower (right hand)
Wands
 u - a wand of flame (17)
Scrolls
 e - a scroll of fear {unknown}
 f - a scroll of magic mapping {unknown}
 h - 3 scrolls of teleportation {unknown}
 i - a scroll of silence {unknown}
 n - a scroll of identify {unknown}
 p - a scroll of summoning {unknown}
Potions
 a - a potion of cancellation {unknown}
 b - a potion of magic
 d - 2 potions of ambrosia {unknown}
 l - 2 potions of invisibility {unknown}
 m - a potion of haste {unknown}
 o - 2 potions of berserk rage {unknown}
 q - a potion of degeneration {unknown}
 t - a potion of brilliance {unknown}


   Skills:
 + Level 2.1 Fighting
 + Level 2.0 Armour
 + Level 3.0 Dodging
 - Level 1.5 Stealth
 - Level 1.3 Spellcasting
 + Level 3.3 Necromancy


You had 2 spell levels left.
You knew the following spells:

 Your Spells              Type           Power      Damage    Failure   Level
a - Pain                  Necr           40%        1d6       14%         1
b - Animate Skeleton      Necr           20%        N/A       14%         1

Your spell library contained the following spells:

 Spells                   Type           Power      Damage    Failure   Level
 Ensorcelled Hibernation  Hex/Ice        0%         N/A       63%         2
 Vampiric Draining        Necr           10%        2d6       41%         3
 Animate Dead             Necr           5%         N/A       82%         4
 Spider Form              Tmut/Pois      0%         N/A       86%         3
 Anguish                  Hex/Necr       2%         N/A       96%         4
 Agony                    Necr           10%        N/A       99%         5


Dungeon Overview and Level Annotations

Branches:
Dungeon (2/15)

Altars:

Annotations:
D:2 Robin


Innate Abilities, Weirdness & Mutations

You have a pair of horns on your head.
You reflexively headbutt those who attack you in melee.


Message History

You kill the goblin!
Your Dodging skill increases to level 3!
The goblin attacks as you move away! The goblin barely misses you.
Robin attacks as you move away! Robin hits you but does no damage.
The goblin attacks as you move away! The goblin closely misses you.
The hobgoblin hits you. Robin throws the goblin at you!
The goblin barely misses you.
You hit the goblin.
The goblin is severely wounded.
Robin throws the goblin at you! The goblin barely misses you.
The goblin closely misses you.
You closely miss the goblin.
The goblin is severely wounded.
The goblin closely misses you. You furiously retaliate!
You headbutt the goblin.
You kill the goblin!
The goblin hits you but does no damage.
You hit the goblin.
You kill the goblin!
Robin throws the goblin at you! The goblin hits you but does no damage.
Your Armour skill increases to level 2!
You hit the goblin.
You kill the goblin!
Robin zaps a wand.
The puff of flame hits you. The hobgoblin barely misses you.
Robin attacks as you move away! Robin hits you but does no damage.
The hobgoblin attacks as you move away! The hobgoblin closely misses you.
Robin zaps a wand.
The puff of flame misses you.
Things that are here:
a +0 club; a +0 dagger; a goblin corpse The hobgoblin no longer looks unusually strong.
Robin roars a battlecry!
The hobgoblin goes into a battle-frenzy!
You hit the hobgoblin.
The hobgoblin is heavily wounded.
Robin zaps a wand.
The puff of flame misses you. The hobgoblin closely misses you.
Things that are here:
a +0 club; a +0 dagger; a goblin corpse You barely miss Robin.
Robin zaps a wand.
The puff of flame hits you!
You die...

#.##.......#...####....^.........
..##.......#.....##....##........
#####.....##...#.##....##........
##.....##.#.........##........ #
#.......#.##.#....#.##........ #
#.......#.##...##.#....#####.. ##
#.......#.....###.##....####.. .#
#...........g.# #.....#....... .#
#.#...###..##@###>....#..##... .#
#.#..####..##g)...###.##....#.
.###.#........##..#####..........
..#..........g...## ###..........
#.........)....)..###............
#...#..........##.##..#.#........
#.#.#...................#######..
#......................####......
##.####....#.#.[.......#....##...


You could see Robin and a hobgoblin (strong).

Vanquished Creatures
  An adder (D:2)
  2 dart slugs
  4 endoplasms
  3 giant cockroaches
  15 goblins
  4 hobgoblins (D:1)
  4 quokkas
  2 ball pythons
  A bat (D:2)
  2 frilled lizards
  3 kobolds (D:1)
  5 rats
46 creatures vanquished.

Notes
Turn   | Place    | Note
-------+----------+-------------------------------------------
     0 | D:1      | siradein the Minotaur Necromancer began the quest for the
                  | Orb.
     0 | D:1      | Reached XP level 1. HP: 14/14 MP: 1/1
   373 | D:1      | Reached XP level 2. HP: 17/22 MP: 0/3
   377 | D:1      | Reached skill level 1 in Armour
   382 | D:1      | Reached skill level 1 in Fighting
  1402 | D:1      | Learned a level 1 spell: Animate Skeleton
  1485 | D:2      | Reached XP level 3. HP: 26/28 MP: 4/4
  2103 | D:2      | Noticed Robin
  2122 | D:2      | Killed from afar by Robin

Illustrated notes

Levels and vault maps discovered:
D:1:      minmay_arrival_wavy_path, layout_rooms, serial_forest,
          infiniplex_forest_end_3, infiniplex_forest_lined_corner,
          infiniplex_forest_lined_corner, infiniplex_forest_end_2,
          infiniplex_forest_lined_2, infiniplex_forest_lined_ring
D:2:      layout_rooms, uniq_robin

Skill      XL: |  1  2  3 |
---------------+----------+-----
Necromancy     | 3 |  3.3
Armour         | 1 2 |  2.0
Fighting       | 1 2 |  2.1
Dodging        | 3 |  3.0
Stealth        | |  1.5
Spellcasting   | |  1.3

Action                   || total
-------------------------++-------
Melee: Unarmed           ||    12
       Short sword       ||   115
       Headbutt          ||    16
       Punch             ||     1
 Cast: Pain              ||     3
 Stab: Sleeping          ||     5
Armor: Robe              ||    25
       Ring mail         ||    31
Dodge: Dodged            ||    95

Table legend: (Time is in decaauts)
 A = Elapsed time spent in this place.
 B = Non-inter-level travel time spent in this place.
 C = Inter-level travel time spent in this place.
 D = Time resting spent in this place.
 E = Time spent auto-exploring this place.
 F = Levels seen in this place.
 G = Mean time per level.
                   A        B        C        D        E       F      G
               +--------+--------+--------+--------+--------+-----+--------+
         Total |   2131 |   2075 |     56 |      0 |   1661 |   2 | 1065.5 |
       Dungeon |   2131 |   2075 |     56 |      0 |   1661 |   2 | 1065.5 |
               +--------+--------+--------+--------+--------+-----+--------+

Top non-repeatable levels by time:
     D:1: 1461 daAuts
     D:2: 670 daAuts
